 Dungeon Crawl Stone Soup version 0.31-a0-532-g28f74ba3e5 (webtiles) character file.

Game seed: 9406898670970582439

2763 Shayle the Ogre Mage (level 9, -16/76 HPs)
             Began as an Ogre Shapeshifter on Aug 13, 2023.
             Was an Initiate of Ashenzari.
             Demolished by Pikel
             ... wielding a +0 whip of electrocution
              (17 damage)
             ... on level 6 of the Dungeon.
             The game lasted 00:19:25 (7092 turns).

Shayle the Ogre Mage (Ogre Shapeshifter)            Turns: 7092, Time: 00:19:26

Health: -16/76     AC:  9    Str: 21    XL:     9   Next: 69%
Magic:  20/20      EV: 11    Int: 13    God:    Ashenzari [......]
Gold:   72         SH:  5    Dex:  9    Spells: 16/23 levels left

rFire   + . .        f - +2 hand axe (elec)
rCold   . . .        (no shield)
rNeg    . . .        t - +0 steam dragon scales
rPois   .            v - +2 hat of the Eye in the Sky {Cun, Comp} (curse)
rElec   .            D - +0 cloak {rF+}
rCorr   .            (gloves unavailable)
SInv    .            (boots unavailable)
Will    .....        A - amulet of reflection
Stlth   +            (no ring)
HPRegen 0.32/turn    (no ring)
MPRegen 0.17/turn

%: reflection
@: attractive
A: large, unfitting armour, tough skin 1
a: Renounce Religion, Shatter the Chains


You were on level 6 of the Dungeon.
You worshipped Ashenzari.
Ashenzari was noncommittal.
You visited 1 branch of the dungeon, and saw 8 of its levels.
You also visited: Sewer.

You collected 378 gold pieces.
You spent 306 gold pieces at shops.

Inventory:

Hand Weapons
 f - a +2 hand axe of electrocution (weapon)
 o - a +3 short sword of speed
 q - a +0 broad axe of flaming
Missiles
 n - a throwing net
 y - 3 curare-tipped darts
Armour
 a - a +0 animal skin
 t - +0 steam dragon scales (worn)
 v - the cursed +2 hat of the Eye in the Sky (worn) {Cun, Comp}
   (You found it on level 5 of the Dungeon)

   It has a curse which improves the following skills: Cunning: Dodging and
   Stealth.
   Companions: Summonings and Necromancy.
 D - a +0 cloak of fire resistance (worn)
Jewellery
 u - an amulet of guardian spirit
 A - an amulet of reflection (around neck)
Talismans
 c - a beast talisman
 d - a flux talisman
Wands
 b - a wand of digging (8)
 s - a wand of iceblast (3)
 E - a wand of flame (20)
Scrolls
 g - 2 scrolls of teleportation
 h - 2 scrolls of enchant weapon
 k - a scroll of amnesia
 p - 2 scrolls of noise
Potions
 e - 4 potions of enlightenment
 i - 4 potions of mutation
 j - 5 potions of haste
 m - 2 potions of resistance


   Skills:
 - Level 1.3 Fighting
 + Level 6.8(7.2) Dodging
 + Level 4.5 Unarmed Combat
 + Level 7.7 Spellcasting
 + Level 6.2 Ice Magic
 - Level 3.0 Shapeshifting


You had 16 spell levels left.
You knew the following spells:

 Your Spells              Type           Power      Damage    Failure   Level
a - Hailstorm             Conj/Ice       13%        3d5       12%         3
b - Summon Ice Beast      Ice/Summ       13%        N/A       36%         4

Your spell library contained the following spells:

 Spells                   Type           Power      Damage    Failure   Level
 Call Canine Familiar     Summ           5%         N/A       38%         3
 Portal Projectile        Hex/Tloc       10%        N/A       38%         3
 Leda's Liquefaction      Hex/Erth       2%         N/A       80%         4
 Simulacrum               Ice/Necr       6%         N/A       99%         6


Dungeon Overview and Level Annotations

Branches:
Dungeon (8/15)              Sewer (visited)
 Temple: D:4-7         Lair: D:8-11

Altars:
Ashenzari
Elyvilon
Makhleb
Nemelex Xobeh
Qazlal
Xom
Zin

Shops:
D:1 =   D:5 *

Annotations:
D:6 Jeremiah, Pikel


Innate Abilities, Weirdness & Mutations

You are too large for most types of armour.
You have tough skin. (AC +1)


Message History

An orc comes into view. It is wielding a +0 dagger.
Pikel hits you but does no damage. You block Pikel's attack.
You feel very mighty all of a sudden.
The orc shouts!
Pikel hits you but does no damage.
You barely miss Pikel.
Pikel is moderately wounded.
Pikel hits you with a +0 whip of electrocution.
You barely miss Pikel. Your punch misses Pikel.
Pikel is moderately wounded.
Pikel hits you with a +0 whip of electrocution.
You hit Pikel but do no damage.
Pikel is moderately wounded.
Pikel hits you with a +0 whip of electrocution.
You are electrocuted!!
You slash Pikel! Your punch misses Pikel.
Pikel is heavily wounded.
You block Pikel's attack. x2
You completely miss Pikel.
Pikel is heavily wounded.
Pikel hits you with a +0 whip of electrocution!
You are electrocuted!
* * * LOW HITPOINT WARNING * * *
You closely miss Pikel.
Pikel is heavily wounded.
Pikel hits you with a +0 whip of electrocution.
* * * LOW HITPOINT WARNING * * *
Unknown command.
It was a potion of cancellation.
Your magical effects are unravelling.
You feel magically purged.
You feel a little less mighty now.
Pikel hits you with a +0 whip of electrocution.
* * * LOW HITPOINT WARNING * * *
It was a potion of attraction.
You feel attractive to monsters.
Pikel hits you with a +0 whip of electrocution.
* * * LOW HITPOINT WARNING * * *
You are electrocuted!
You die...

#...###........#
#.#..#..#.###.##
#.#.....#.# #.#
#.#.###.#.# #.#
#.#.# #.#.# #.#
####.#.# #.#.# #.#
5....#.# #.#.# #.#
#.###.o5###.#.# #.#
......555K@...# #.#
..###.#####.#####.##
.. #........# ..#
########## #. #


You could see Pikel, 4 lemures and an orc.

Vanquished Creatures
  Maggie (D:6)
  Menkaure (D:5)
  2 sky beasts
  2 ice beasts
  2 centaurs
  4 kobold brigands (Sewer)
  3 bullfrogs
  6 scorpions
  6 killer bees (D:7)
  4 hounds
  An orc priest (D:7)
  A gnoll bouda (D:7)
  2 jellies
  Terence (D:2)
  2 sleepcaps
  2 iguanas
  6 orc wizards
  5 gnolls
  6 adders
  A shadow imp (D:6)
  A white imp (D:7)
  An ufetubus (D:4)
  3 worms
  2 dart slugs
  10 orcs
  10 ball pythons
  9 bats
  7 endoplasms
  10 giant cockroaches
  4 goblins
  7 hobgoblins
  6 jackals
  11 quokkas
  3 frilled lizards
  12 kobolds
  8 rats
162 creatures vanquished.

Notes
Turn   | Place    | Note
-------+----------+-------------------------------------------
     0 | D:1      | Shayle the Ogre Shapeshifter began the quest for the Orb.
     0 | D:1      | Reached XP level 1. HP: 19/19 MP: 1/1
    61 | D:1      | Reached skill level 1 in Spellcasting
   102 | D:1      | Found a faded altar of an unknown god.
   161 | D:1      | Reached XP level 2. HP: 27/27 MP: 3/3
   367 | D:1      | Reached XP level 3. HP: 26/33 MP: 5/5
   439 | D:1      | Found Fovyokhi's Jewellery Shoppe.
   926 | D:2      | Reached skill level 1 in Ice Magic
  1122 | D:2      | Noticed Terence
  1139 | D:3      | Reached skill level 2 in Spellcasting
  1348 | D:2      | Reached XP level 4. HP: 41/41 MP: 7/7
  1395 | D:2      | Killed Terence
  1943 | D:3      | Found a broken altar of Ashenzari.
  1943 | D:3      | Found a glowing silver altar of Zin.
  1944 | D:3      | Found a shimmering altar of Xom.
  1945 | D:3      | Found a burning altar of Makhleb.
  1946 | D:3      | Found a stormy altar of Qazlal.
  1948 | D:3      | Reached XP level 5. HP: 48/48 MP: 9/9
  1963 | D:3      | Became a worshipper of Ashenzari the Shackled
  2350 | D:4      | Reached skill level 3 in Spellcasting
  2385 | D:4      | Found a glowing drain.
  2417 | Sewer    | Entered a sewer
  2613 | Sewer    | Noticed a kobold brigand
  2626 | Sewer    | Killed a kobold brigand
  2627 | Sewer    | Reached XP level 6. HP: 36/55 MP: 6/11
  2764 | Sewer    | Reached skill level 4 in Spellcasting
  2765 | Sewer    | Reached XP level 7. HP: 32/62 MP: 3/13
  3018 | D:4      | Found a white marble altar of Elyvilon.
  3657 | D:5      | Entered Level 5 of the Dungeon
  3767 | D:5      | Reached skill level 5 in Spellcasting
  3989 | D:5      | Noticed Menkaure
  3995 | D:5      | Killed Menkaure
  3996 | D:5      | Reached skill level 5 in Dodging
  3996 | D:5      | Reached XP level 8. HP: 70/70 MP: 13/16
  4051 | D:5      | HP: 2/70 [scorpion (5)]
  4537 | D:5      | Found Xoromn's Fire Supplies.
  4571 | D:5      | Reached skill level 6 in Spellcasting
  4809 | D:5      | Bought a +0 cloak of fire resistance for 138 gold pieces
  4809 | D:5      | Bought a wand of flame (20) for 168 gold pieces
  5207 | D:6      | Reached skill level 5 in Ice Magic
  5315 | D:6      | Learned a level 3 spell: Hailstorm
  5348 | D:6      | Noticed Maggie
  5360 | D:6      | Killed Maggie
  5370 | D:6      | Noticed Jeremiah
  5377 | D:6      | Reached XP level 9. HP: 65/76 MP: 10/19
  5796 | D:7      | Reached skill level 7 in Spellcasting
  6846 | D:7      | Learned a level 4 spell: Summon Ice Beast
  7022 | D:6      | Found a sparkling altar of Nemelex Xobeh.
  7066 | D:6      | Noticed Pikel
  7092 | D:6      | HP: 1/76 [Pikel/+0 whip of electrocution (3)]
  7092 | D:6      | Demolished by Pikel

Illustrated notes

Levels and vault maps discovered:
D:1:      noname_arrival_rooms_in_the_neighbourhood, layout_basic,
          hellmonk_ecumenical_altar_crossroads, serial_shops, shop
D:2:      layout_rooms, uniq_terence
D:3:      layout_rooms, grunt_temple_overflow_open
D:4:      layout_layer_cave, kennysheep_little_box, gup_sewer_entry_pipe,
          serial_park_tiny_1, glass_columns_a, grunt_tough_drop
D:5:      layout_rooms, nicolae_shop_fire_sale [nicolae_sub_dead_trees],
          kennysheep_nondescript, minmay_gold_behind_fungi, hellmonk_no_cap,
          uniq_menkaure
D:6:      layout_basic, nemelex_diamond_rough_becter,
          minmay_temple_entry_poolview, gammafunk_ghost_arena,
          minmay_statues_item, uniq_pikel, uniq_jeremiah, uniq_maggie
D:7:      layout_basic
D:8:      layout_basic

Skill      XL: |  1  2  3  4  5  6  7  8  9 |
---------------+----------------------------+-----
Dodging        | 2 3 4 5 6 |  6.8
Spellcasting   | 1 2 3 4 5 6 7 |  7.7
Ice Magic      | 1 2 3 4 5 6 |  6.2
Unarmed Combat | 3 4 |  4.5
Fighting       | |  1.3
Shapeshifting  | |  3.0

Action                     |  1- 3 |  4- 6 |  7- 9 || total
---------------------------+-------+-------+-------++-------
  Melee: Unarmed           |   116 |    27 |       ||   143
         Punch             |     4 |     2 |     3 ||     9
         Hand axe          |       |   126 |   307 ||   433
   Cast: Hailstorm         |       |       |     9 ||     9
 Invoke: Curse Item        |       |       |     1 ||     1
Ability: Begin Untransform |       |       |     1 ||     1
  Evoke: Wand              |       |       |     6 ||     6
    Use: Scroll            |       |     3 |    11 ||    14
         Potion            |       |     2 |    11 ||    13
 Armour: Animal skin       |    32 |    57 |    56 ||   145
         Skin              |       |     5 |       ||     5
         Steam dragon scal |       |       |    90 ||    90
  Dodge: Dodged            |    74 |   120 |   199 ||   393
  Block: Other             |       |       |    53 ||    53
         Reflection        |       |       |     2 ||     2

Table legend: (Time is in decaauts)
 A = Elapsed time spent in this place.
 B = Non-inter-level travel time spent in this place.
 C = Inter-level travel time spent in this place.
 D = Time resting spent in this place.
 E = Time spent auto-exploring this place.
 F = Levels seen in this place.
 G = Mean time per level.
                   A        B        C        D        E       F      G
               +--------+--------+--------+--------+--------+-----+--------+
         Total |   7238 |   7010 |    228 |   1741 |   3501 |   9 |  804.2 |
       Dungeon |   6741 |   6513 |    228 |   1565 |   3380 |   8 |  842.6 |
         Sewer |    496 |    496 |      0 |    176 |    121 |   1 |  496.0 |
               +--------+--------+--------+--------+--------+-----+--------+

Top non-repeatable levels by time:
     D:5: 1476 daAuts
     D:7: 1379 daAuts
     D:4: 1053 daAuts
     D:2: 819 daAuts
     D:1: 811 daAuts
     D:6: 646 daAuts
     D:3: 517 daAuts
   Sewer: 496 daAuts
     D:8: 38 daAuts
